 Dungeon Crawl Stone Soup version 0.28.0-62-gf88900778d (webtiles) character file.

Game seed: 9720331802926373215

6759 Coron the Protected (level 10, -4/93 (94) HPs)
             Began as a Deep Dwarf Delver on Mar 31, 2023.
             Was a Follower of Makhleb.
             Slain by a catoblepas (11 damage)
             ... while petrified by a catoblepas
             ... on level 10 of the Dungeon on Apr 1, 2023.
             The game lasted 00:36:38 (7561 turns).

Coron the Protected (Deep Dwarf Delver)             Turns: 7561, Time: 00:36:39

HP:   -4/93 (94)    AC: 24    Str: 23    XL:     10   Next: 75%
MP:   1/1           EV:  2    Int: 11    God:    Makhleb [*.....]
Gold: 368           SH:  0    Dex: 14    Spells: 9/9 levels left

rFire   . . .      SeeInvis .   L - +1 war axe (vorpal)
rCold   . . .      Faith    .   u - +0 kite shield
rNeg    + + +      Spirit   .   x - +0 chain mail
rPois   ∞          Reflect  .   C - +0 helmet
rElec   .          Harm     .   E - +0 cloak
rCorr   .          Rampage  .   G - +2 pair of gloves {Str+3}
Will    ++...                   M - +0 pair of boots
Stlth   ..........              (no amulet)
HPRegen 0.00/turn               K - ring of willpower
MPRegen 0.07/turn               F - +4 ring of protection

@: petrified, lightly drained
A: damage resistance, heal wounds, sense surroundings 2, no regeneration
a: Heal Wounds, Renounce Religion


You were on level 10 of the Dungeon.
You worshipped Makhleb.
Makhleb was aware of your devotion.
You visited 2 branches of the dungeon, and saw 12 of its levels.

You collected 540 gold pieces.
You spent 172 gold pieces at shops.

Inventory:

Hand Weapons
 b - a +0 hunting sling
 L - a +1 vorpal war axe (weapon)
Missiles
 e - 160 stones
 s - 70 sling bullets
 z - 18 poisoned darts
 B - 3 javelins (quivered)
Armour
 l - a scarf of invisibility
 u - a +0 kite shield (worn)
 x - a +0 chain mail (worn)
 C - a +0 helmet (worn)
 E - a +0 cloak (worn)
 G - a +2 pair of gloves of strength (worn)
 M - a +0 pair of boots (worn)
 O - a +0 plate armour
Jewellery
 a - an amulet of guardian spirit
 m - a ring of protection from cold
 q - a ring of see invisible
 t - the ring "Goed" {Drain rCorr Int+6 Dex+4}
   (You found it on level 9 of the Dungeon)

   [ring of intelligence]

   Int:       It affects your intelligence (+6).
   Dex:       It affects your dexterity (+4).
   rCorr:     It protects you from acid and corrosion.
   Drain:     It drains your maximum health when unequipped.
 F - a +4 ring of protection (right hand)
 K - a ring of willpower (left hand)
Wands
 g - a wand of digging (3)
 y - a wand of acid (2)
 H - a wand of iceblast (8)
Scrolls
 c - 3 scrolls of fog
 h - a scroll of holy word {unknown}
 i - 2 scrolls of blinking
 p - 2 scrolls of enchant weapon
 r - 3 scrolls of teleportation
 w - a scroll of vulnerability {unknown}
 I - a scroll of amnesia
 N - a scroll of identify
Potions
 d - a potion of invisibility
 f - 4 potions of haste
 j - 2 potions of might
 k - 7 potions of curing
 n - 5 potions of attraction
 o - a potion of berserk rage
 v - 3 potions of mutation
 A - a potion of heal wounds {unknown}
 D - 2 potions of cancellation
 J - a potion of ambrosia {unknown}
Miscellaneous
 P - a lightning rod (3/4)


   Skills:
 - Level 7.0 Fighting
 - Level 10.0 Axes
 + Level 11.1 Armour
 - Level 2.1 Dodging
 - Level 6.0 Stealth
 - Level 7.0 Shields


You had 9 spell levels left.
You didn't know any spells.
Your spell library contained the following spells:

 Spells                   Type           Power      Damage    Failure   Level
 Beastly Appendage        Tmut           0%         N/A       99%         1
 Magic Dart               Conj           0%         1d3       99%         1
 Slow                     Hex            0%         N/A       99%         1
 Corpse Rot               Necr/Air       0%         N/A       100%        2
 Ensorcelled Hibernation  Hex/Ice        0%         N/A       100%        2
 Passwall                 Tmut/Erth      0%         N/A       100%        2
 Poisonous Vapours        Pois/Air       0%         N/A       100%        2
 Searing Ray              Conj           0%         2d4       100%        2
 Wereblood                Tmut           0%         N/A       100%        2
 Confusing Touch          Hex            0%         N/A       100%        3
 Gell's Gravitas          Tloc           0%         N/A       100%        3
 Spider Form              Tmut/Pois      0%         N/A       100%        3
 Swiftness                Air            0%         N/A       100%        3
 Teleport Other           Tloc           0%         N/A       100%        3
 Vampiric Draining        Necr           0%         2d6       100%        3
 Cause Fear               Hex            0%         N/A       100%        4
 Fulminant Prism          Conj/Hex       0%         3d6       100%        4
 Yara's Violent Unravell  Hex/Tmut       0%         3d3       100%        5
 Dispersal                Tloc           0%         N/A       100%        6
 Dragon Form              Tmut           0%         N/A       100%        7
 Enfeeble                 Hex            0%         N/A       100%        7
 Dragon's Call            Summ           0%         N/A       100%        9


Dungeon Overview and Level Annotations

Branches:
Dungeon (11/15)            Temple (1/1) D:7            Lair (0/6) D:10
    Orc: D:9-12

Altars:
Ashenzari
Dithmenos
Makhleb
Nemelex Xobeh
Sif Muna

Shops:
D:2 (   D:7 *[[   D:9 *

Annotations:
D:4 3 runed translucent doors, Coron's ghost, amateur DDDe
D:10 exclusion: door


Innate Abilities, Weirdness & Mutations

You are resistant to damage.
You can heal yourself by infusing magical energy.
You passively map the area around you.
You do not regenerate.


Message History

The vampire mosquito stops moving altogether!
The vampire mosquito is engulfed in calcifying dust.
The vampire mosquito is engulfed in calcifying dust.
The vampire mosquito is engulfed in calcifying dust. x2
The wight is engulfed in calcifying dust.
The wight is moving more slowly.
The vampire mosquito is engulfed in calcifying dust. x2
The vampire mosquito is engulfed in calcifying dust. x2
You hit the wight.
The wight is almost destroyed.
The vampire mosquito is no longer petrified.
You slash the wight!
You destroy the wight!
Makhleb accepts your kill.
You can now gain health from killing.
Your lightning rod (3/4) has regained one charge.
The catoblepas breathes a plume of calcifying dust at you.
The blast of calcifying dust hits the vampire mosquito.
The blast of calcifying dust hits you.
* * * LOW HITPOINT WARNING * * *
The vampire mosquito is engulfed in calcifying dust.
The vampire mosquito is moving more slowly.
The vampire mosquito is engulfed in calcifying dust.
The vampire mosquito stops moving altogether!
The vampire mosquito is engulfed in calcifying dust.
The vampire mosquito is engulfed in calcifying dust. x2
The vampire mosquito is engulfed in calcifying dust. x2
The vampire mosquito is engulfed in calcifying dust. x2
The catoblepas breathes a plume of calcifying dust at you.
The blast of calcifying dust hits you but does no damage.
You are engulfed in calcifying dust.
You are slowing down.
Your limbs are stiffening.
The catoblepas breathes a plume of calcifying dust at you.
The blast of calcifying dust hits you but does no damage.
You have turned to stone.
You are engulfed in calcifying dust. x3
The catoblepas gores you!!
* * * LOW HITPOINT WARNING * * *
The catoblepas gores you!!
You die...

.#..#............#, , ,,
.'..#.........z..# , , *
.#...............#+### , * *
.#'#.#######+#.y.....# , ,
##.....####..#.......# *
.........##..#.......#+####### ,
.......P..#..+.§.........)....,
, P............#..Y.............
....>.......##..@..............,
.......P.......####+#.........
.P........#....#....#......... ,
.........##....'..).#.........
##.....####....#..)<#......... ,
##..####......#..).#.....####
#.## #......######.....#
###.########.††.#...#...>.#
...........#....#...'....†#


You could see a catoblepas, a vampire mosquito and a wight.

Vanquished Creatures
  An ugly thing (D:10)
  A hornet (D:9)
  A troll (D:10)
  A spriggan (D:7)
  A wyvern (D:9)
  2 wraiths
  A shadow (D:9)
  12 yaks
  A vampire mosquito (D:10)
  4 black bears
  Duvessa (D:4)
  2 ice beasts
  A wolf (D:7)
  2 centaurs
  A kobold brigand (D:9)
  3 bullfrogs
  A scorpion (D:6)
  A wyvern skeleton (D:7)
  Dowan (D:4)
  10 wights
  4 centaur zombies
  A bullfrog zombie (D:5)
  8 hounds
  A jelly (D:7)
  6 orc priests
  Crazy Yiuf (D:6)
  2 bullfrog skeletons
  2 gnoll shamans
  3 iguanas
  Terence (D:2)
  4 orc wizards
  2 howler monkey zombies
  Robin (D:4)
  2 adders
  25 gnolls
  2 shadow imps (D:7)
  A white imp (D:6)
  An ufetubus (D:6)
  14 orcs
  9 ball pythons
  8 endoplasms
  2 giant cockroaches
  10 goblins
  9 hobgoblins
  11 jackals
  11 kobolds
  A quokka (D:5)
  A bat (D:3)
  6 frilled lizards
  5 rats
202 creatures vanquished.

Vanquished Creatures (others)
  2 fungi
  3 plants (D:4)
5 creatures vanquished.

Grand Total: 207 creatures vanquished

Notes
Turn   | Place    | Note
-------+----------+-------------------------------------------
     0 | D:5      | Coron the Deep Dwarf Delver began the quest for the Orb.
     0 | D:5      | Reached XP level 1. HP: 20/20 MP: 1/1
    77 | D:4      | Noticed Duvessa
   178 | D:4      | Noticed an iguana
   541 | D:1      | Reached XP level 2. HP: 21/27 MP: 2/2
   542 | D:1      | Reached skill level 1 in Armour
  1033 | D:1      | Reached XP level 3. HP: 24/34 MP: 3/3
  1288 | D:2      | Reached skill level 2 in Armour
  1455 | D:2      | Found Nirasam's Antique Weapon Emporium.
  1518 | D:2      | Found a faded altar of an unknown god.
  1681 | D:2      | Noticed Terence
  1716 | D:2      | Killed Terence
  1717 | D:2      | Reached skill level 1 in Shields
  1717 | D:2      | Reached XP level 4. HP: 21/42 MP: 4/4
  1822 | D:2      | Reached skill level 3 in Armour
  2436 | D:4      | Noticed Dowan
  2508 | D:4      | Reached XP level 5. HP: 25/49 MP: 4/4
  2593 | D:4      | Found a runed translucent gate.
  2593 | D:4      | Found a runed translucent gate.
  2593 | D:4      | Found a runed translucent gate.
  2594 | D:4      | Noticed Coron's ghost (amateur DDDe)
  2684 | D:4      | Noticed Robin
  2702 | D:4      | Reached skill level 4 in Armour
  2711 | D:4      | Killed Robin
  2818 | D:4      | Killed Dowan
  2839 | D:3      | Reached skill level 5 in Armour
  2839 | D:3      | Reached XP level 6. HP: 6/56 MP: 5/5
  2967 | D:4      | Killed Duvessa
  3052 | D:5      | Reached skill level 5 in Shields
  3215 | D:5      | Reached XP level 7. HP: 36/62 MP: 4/4
  3395 | D:6      | Reached skill level 6 in Armour
  3509 | D:6      | Found a sparkling altar of Nemelex Xobeh.
  3581 | D:6      | Found a runed translucent door.
  3582 | D:6      | Noticed Crazy Yiuf
  3593 | D:6      | Killed Crazy Yiuf
  3741 | D:6      | Reached skill level 5 in Fighting
  3768 | D:6      | Reached XP level 8. HP: 18/74 MP: 5/5
  4144 | D:7      | Reached skill level 7 in Armour
  4193 | D:7      | Found Mululepn's Antique Armour Boutique.
  4221 | D:7      | Bought a pair of embroidered gloves for 172 gold pieces
  4257 | D:7      | Reached skill level 5 in Axes
  4346 | D:7      | HP: 3/70 [wight/+0 spear (6)]
  4352 | D:7      | Reached skill level 8 in Armour
  4508 | D:7      | Found Kobi's Antique Armour Emporium.
  4553 | D:7      | Found a staircase to the Ecumenical Temple.
  4582 | D:7      | Gained mutation: You passively map the area around you.
                  | [Deep Dwarf growth]
  4582 | D:7      | Reached XP level 9. HP: 58/81 MP: 4/4
  4592 | D:7      | Found Lyemi's Assorted Antiques.
  4958 | D:8      | Reached skill level 9 in Armour
  5158 | D:8      | You fall into a shaft and drop 3 floors!
  5223 | D:11     | Noticed a green ugly thing
  5235 | D:10     | Entered Level 10 of the Dungeon
  5259 | D:10     | Killed a green ugly thing
  5320 | D:10     | Noticed an elephant
  5321 | D:10     | Found a staircase to the Lair.
  6152 | D:9      | Reached XP level 10. HP: 12/91 MP: 4/4
  6230 | D:9      | Identified the ring "Goed" {Drain rCorr Int+6 Dex+4}
  6308 | D:9      | Found Punimok's General Store.
  6843 | D:9      | Reached skill level 10 in Armour
  6912 | Temple   | Entered the Ecumenical Temple
  6945 | Temple   | Became a worshipper of Makhleb the Destroyer
  7190 | D:10     | HP: 4/94 [centaur warrior zombie (1)]
  7201 | D:10     | Reached skill level 10 in Axes
  7528 | D:10     | Noticed a catoblepas
  7531 | D:10     | Reached skill level 11 in Armour
  7546 | D:10     | Reached * piety under Makhleb
  7561 | D:10     | Slain by a catoblepas

Illustrated notes

Levels and vault maps discovered:
D:1:      dpeg_arrival_tiny_a, layout_basic, nicolae_figureground_pulse
D:2:      layout_loops_ring, hellmonk_ecumenical_altar_lost_god, serial_shops,
          shop, minivault_24, uniq_terence
D:3:      layout_basic, serial_rivers, chequers_serial_rivers_small_b,
          chequers_serial_rivers_room_b, chequers_serial_rivers_micro_b,
          chequers_serial_rivers_micro_a, minmay_misc_feat_columns
D:4:      layout_rooms, gammafunk_ghost_nasty_kobolds, uniq_robin, uniq_duvessa
D:5:      layout_basic
D:6:      layout_loops_cross, mainiacjoe_overflow_24_doors,
          uniq_crazy_yiuf_cottage
D:7:      layout_cave_pools, temple_pool_b, serial_gnoll_camp,
          gnoll_camp_mini_shop, gnoll_camp_mini_shop, gnoll_camp_mini_doghouse,
          gnoll_camp_mini_shop, gnoll_camp_mini_doghouse, the_hattery
D:8:      layout_basic
D:9:      layout_roguey, serial_aquarium, aquarium_bridge_island_small
          [aquarium_subvault_small_open, aquarium_subvault_bridge,
          aquarium_subvault_window, aquarium_subvault_bridge,
          aquarium_subvault_balcony], aquarium_window_corner,
          aquarium_window_corridor_3, aquarium_window_1, aquarium_window_1,
          aquarium_view_2g, aquarium_view_2f, aquarium_balcony_3a,
          aquarium_pool_split, serial_shops,
          nicolae_shop_temple_entry_statues_fountains
D:10:     layout_gridville, david_lair_generic,
          minmay_fractal_squares_diagonal_5
D:11:     layout_layer_cave
Temple:   mainiacjoe_temple_hex_bubbles

Skill      XL: |  1  2  3  4  5  6  7  8  9 10 |
---------------+-------------------------------+-----
Armour         | 1 2 3 5 6 8 9 11 | 11.1
Fighting       | 3 5 6 7 |  7.0
Axes           | 3 7 9 10 | 10.0
Shields        | 1 3 5 7 |  7.0
Dodging        | |  2.1
Stealth        | |  6.0

Action                   |  1- 3 |  4- 6 |  7- 9 | 10-12 || total
-------------------------+-------+-------+-------+-------++-------
Melee: Hand axe          |   131 |   165 |   183 |       ||   479
       Punch             |     2 |       |       |       ||     2
       War axe           |       |       |   160 |   139 ||   299
 Fire: Hunting sling     |       |       |    11 |     4 ||    15
Throw: Stone             |     6 |    11 |       |       ||    17
       Javelin           |       |       |     1 |       ||     1
 Abil: Heal Wounds       |       |     5 |    11 |     8 ||    24
Evoke: Wand              |       |       |     2 |     6 ||     8
       Lightning rod     |       |       |       |     3 ||     3
  Use: Scroll            |     6 |       |     5 |     3 ||    14
       Potion            |     1 |     3 |     1 |       ||     5
 Stab: Sleeping          |     8 |     4 |     3 |       ||    15
Armor: Leather armour    |    26 |       |       |       ||    26
       Ring mail         |    25 |    54 |    17 |       ||    96
       Chain mail        |       |       |   287 |   124 ||   411
Dodge: Dodged            |   112 |    67 |   150 |    59 ||   388
Block: Kite shield       |    13 |    68 |   255 |    98 ||   434
